 Seeded DCSS version 0.30.1 (webtiles) character file.

Game seed: 6351066067085065685 (custom seed)

14 Esekla the Grave Robber (level 2, -2/15 HPs)
             Began as a Deep Elf Necromancer on July 8, 2023.
             Slain by a gnoll
             ... wielding a +0 spear
             ... led by a gnoll bouda
              (5 damage)
             ... on level 4 of the Dungeon.
             The game lasted 00:03:47 (479 turns).

Esekla the Grave Robber (Deep Elf Necromancer)       Turns: 479, Time: 00:03:48

Health: -2/15      AC:  3    Str:  5    XL:     2   Next: 31%
Magic:  8/8        EV: 13    Int: 19    God:
Gold:   26         SH:  0    Dex: 15    Spells: 6/7 levels left

rFire   . . .        c - +0 short sword
rCold   . . .        (no shield)
rNeg    . . .        a - +0 robe
rPois   .            (no helmet)
rElec   .            (no cloak)
rCorr   .            i - +0 pair of gloves
SInv    .            (no boots)
Will    .....        (no amulet)
Stlth   ++           (no ring)
HPRegen 0.22/turn    (no ring)
MPRegen 0.11/turn

%: no passive effects
@: no status effects
A: no striking features
a: no special abilities


You were on level 4 of the Dungeon.
You visited 1 branch of the dungeon, and saw 4 of its levels.

You collected 26 gold pieces.

Inventory:

Hand Weapons
 c - a +0 short sword (weapon)
Armour
 a - a +0 robe (worn)
 i - a +0 pair of gloves (worn)
Scrolls
 e - a scroll of fear
Potions
 b - a potion of magic
 f - 2 potions of attraction {unknown}
 g - a potion of heal wounds {unknown}
 h - a potion of curing {unknown}


   Skills:
 * Level 2.7 Dodging
 + Level 2.7 Stealth
 * Level 3.2 Spellcasting
 + Level 5.1 Necromancy


You had 6 spell levels left.
You knew the following spells:

 Your Spells              Type           Power      Damage    Failure   Level
a - Necrotise             Necr           88%        1d8       1%          1

Your spell library contained the following spells:

 Spells                   Type           Power      Damage    Failure   Level
 Vampiric Draining        Necr           22%        2d7       5%          3
 Animate Dead             Necr           22%        N/A       19%         4
 Agony                    Necr           22%        N/A       45%         5


Dungeon Overview and Level Annotations

Branches:
Dungeon (4/15)
 Temple: D:4-7

Altars:
Okawaru
Vehumet
The Shining One


Message History

The orc hits you with a +0 dagger.
You barely miss the orc.
The orc is almost dead.
The orc hits you with a +0 dagger.
You hit the orc.
You kill the orc! 2 gnolls come into view.
The gnoll shouts!
You hear a shout!
A gnoll comes into view. It is wielding a +0 halberd.
Things that are here:
a +0 dagger; an orc corpse
Okay, then.
Okay, then.
As you read the scroll labelled OPUZOUSOET, it crumbles to dust.
It is a scroll of identify.
e - a scroll of fear You start resting.
A gnoll is nearby!
You closely miss the gnoll. The gnoll hits you with a +0 spear.
You hit the gnoll but do no damage. The gnoll barely misses you.
You hit the gnoll.
The gnoll is moderately wounded.
The gnoll closely misses you.
You hit the gnoll but do no damage.
The gnoll is moderately wounded.
The gnoll hits you with a +0 spear.
You hit the gnoll.
The gnoll is moderately wounded.
The gnoll hits you with a +0 spear.
You barely miss the gnoll.
The gnoll is moderately wounded.
The gnoll hits you with a +0 spear.
* * * LOW HITPOINT WARNING * * *
You closely miss the gnoll.
The gnoll is moderately wounded.
The gnoll misses you.
You hit the gnoll.
The gnoll is heavily wounded.
The gnoll hits you with a +0 spear.
You die...

##...............### #.
...................####.
.........##.............
..g....................#
.g......................
....g...#####...........
.....#.'#.#.#'....##....
o... ###g.#..##...##....
.. #@._#_..#....#....
#########....+....
#_..#....#....
#..##.........
#.#'..#......#
###...#.......
..........#.......
...............#..
.........##....#.#


You could see a gnoll.

Vanquished Creatures
  An orc (D:4)
  3 ball pythons (D:1)
  2 bats (D:1)
  An endoplasm (D:1)
  A goblin (D:1)
  A frilled lizard (D:1)
  3 kobolds
12 creatures vanquished.

Notes
Turn   | Place    | Note
-------+----------+-------------------------------------------
     0 | D:1      | Esekla the Deep Elf Necromancer began the quest for the
                  | Orb.
     0 | D:1      | Reached XP level 1. HP: 10/10 MP: 6/6
   173 | D:1      | Reached skill level 5 in Necromancy
   182 | D:1      | Reached XP level 2. HP: 15/15 MP: 8/8
   360 | D:4      | Found an iron altar of Okawaru.
   371 | D:4      | Found a radiant altar of Vehumet.
   450 | D:4      | Found a glowing golden altar of the Shining One.
   479 | D:4      | Slain by a gnoll

Illustrated notes

Levels and vault maps discovered:
D:1:      sevenhm_arrival_forest_fort_small_3, layout_rooms,
          chequers_serial_rivers_room_b, minmay_misc_feat_five
D:2:      layout_loops_ring, dreamdust_ecumenical_altar_angels_and_demons,
          serial_shops, shop
D:3:      layout_basic, grunt_temple_overflow_open, minmay_misc_feat_iff
D:4:      layout_basic, nicolae_overflow_quartered_altars, serial_shops,
          nicolae_diamond_shop

Skill      XL: |  1 |
---------------+----+-----
Necromancy     | 5 |  5.1
Dodging        | |  2.7
Stealth        | |  2.7
Spellcasting   | |  3.2

Action                     || total
---------------------------++-------
  Melee: Short sword       ||    49
         Unarmed           ||     9
    Use: Potion            ||     1
         Scroll            ||     1
 Armour: Robe              ||    11
  Dodge: Dodged            ||    33
